 Dungeon Crawl Stone Soup version 0.13.0-13-g27bfa31 (webtiles) character file.

5853 MDvedh the Thaumaturge (level 10, -7/50 HPs)
             Began as a Deep Elf Fire Elementalist on Oct 19, 2013.
             Was a High Priest of Vehumet.
             Mangled by a hill giant
             ... wielding a +0,+0 giant club
              (28 damage)
             ... on Level 10 of the Dungeon.
             The game lasted 00:51:30 (12263 turns).

MDvedh the Thaumaturge (DEFE)                      Turns: 12263, Time: 00:51:32

HP  -7/50        AC  8     Str  7      XL: 10   Next: 49%
MP   9/31        EV 17     Int 25      God: Vehumet [*****.]
Gold 111         SH  0     Dex 13      Spells:  6 memorised, 13 levels left

Res.Fire  : . . .   See Invis. : .   t - +2,+3 quarterstaff (drain) (curse)
Res.Cold  : . . .   Warding    : .   a - +0 elf robe
Life Prot.: . . .   Conserve   : .   (no shield)
Res.Poison: .       Res.Corr.  : .   z - +2 helmet
Res.Elec. : .       Clarity    : .   (no cloak)
Sust.Abil.: . .     Spirit.Shd : .   e - +0 pair of gloves
Res.Mut.  : .       Stasis     : .   n - +0 pair of boots
Res.Rott. : .       Flight     : .   (no amulet)
Saprovore : . . .                    I - +3 ring of intelligence
                                     y - ring of sustenance

@: quite resistant to hostile enchantments, stealthy
A: magic resistance 1, AC +1, Dex -2
a: Renounce Religion


You were on level 10 of the Dungeon.
You worshipped Vehumet.
Vehumet was extremely pleased with you.
You were not hungry.

You visited 2 branches of the dungeon, and saw 11 of its levels.
You also visited: Sewer.

You collected 473 gold pieces.
You spent 382 gold pieces at shops.

Inventory:

Hand weapons
 t - a cursed +2,+3 quarterstaff of draining (weapon)
Armour
 a - a +0 elven robe (worn)
 e - a +0 pair of gloves (worn)
 n - a +0 pair of boots (worn)
 z - a +2 helmet (worn)
Magical devices
 A - a wand of cold (0)
Comestibles
 c - 9 bread rations
 u - 5 meat rations
 x - 13 grapes
Scrolls
 d - 2 scrolls of enchant armour {unknown}
 f - 5 scrolls of identify
 k - 4 scrolls of teleportation
 l - 4 scrolls of remove curse
 m - a scroll of blinking
 w - 2 scrolls of enchant weapon II
 G - a scroll of amnesia
 H - a scroll of recharging {unknown}
Jewellery
 y - a ring of sustenance (left hand)
 F - an uncursed ring of ice
 I - a +3 ring of intelligence (right hand)
Potions
 g - 3 potions of magic
 h - a potion of cure mutation
 j - 2 potions of brilliance
 o - 3 potions of heal wounds
 q - 6 potions of curing
 r - a potion of poison
 s - a potion of agility {unknown}
 v - a potion of restore abilities {unknown}
 J - a potion of speed
 K - a potion of resistance
Books
 b - a book of Flames

   Spells                             Type                      Level
   *Flame Tongue                      Conjuration/Fire             1
   Throw Flame                        Conjuration/Fire             2
   *Conjure Flame                     Conjuration/Fire             3
   Inner Flame                        Hexes/Fire                   3
   *Sticky Flame                      Conjuration/Fire             4
   *Fireball                          Conjuration/Fire             5
 i - a Necronomicon {highlevel}

   This book is beyond your current level of understanding.

   Spells                             Type                      Level
   Borgnjor's Revivification          Necromancy                   7
   Haunt                              Necromancy/Summoning         7
   Death's Door                       Charms/Necromancy            8
   Necromutation                      Transmutation/Necromancy     8
 B - a book of Transfigurations

   Spells                             Type                      Level
   *Stoneskin                         Transmutation/Earth          2
   Polymorph                          Hexes/Transmutation          4
   Ice Form                           Ice/Transmutation            4
   Statue Form                        Transmutation/Earth          6
   Dragon Form                        Transmutation                7
 D - a book of the Earth

   Spells                             Type                      Level
   Dig                                Earth                        4
   Leda's Liquefaction                Hexes/Earth                  4
   Bolt of Magma                      Conjuration/Fire/Earth       5
   Statue Form                        Transmutation/Earth          6
   Iron Shot                          Conjuration/Earth            6
   Shatter                            Earth                        9


   Skills:
 - Level 10.2 Dodging
 - Level 5.0 Stealth
 - Level 11.2 Spellcasting
 + Level 7.8 Conjurations
 + Level 7.9 Fire Magic


You had 13 spell levels left.
You knew the following spells:

 Your Spells              Type           Power        Failure   Level  Hunger
a - Flame Tongue          Conj/Fire      #####        1%          1    None
b - Conjure Flame         Conj/Fire      ######..     1%          3    None
c - Sticky Flame          Conj/Fire      ######..     1%          4    None
d - Fireball              Conj/Fire      ######....   1%          5    ###....
e - Dazzling Spray        Conj/Hex       ####....     1%          3    None
f - Stoneskin             Trmt/Erth      ##........   10%         2    None


Dungeon Overview and Level Annotations

Branches:
Dungeon (10/27)            Temple (1/1) D:4            Lair (0/8) D:9
    Orc: D:6-11

Altars:
Ashenzari
Cheibriados
Elyvilon
Fedhas
Kikubaaqudgha
Makhleb
Nemelex Xobeh
Okawaru
Sif Muna
Trog
Vehumet
Xom
Yredelemnul
Zin
the Shining One

Shops:
D:8 [!(**


Innate Abilities, Weirdness & Mutations

You are partially covered in icy blue scales (AC +1).
You are clumsy. (Dex -2)
You are resistant to hostile enchantments.


Message History

The crimson imp blinks!
Casting: Sticky Flame
Confirm with . or Enter, or press ? or * to list all spells.
Aiming: Conjure Flame
Press: ? - help, Dir - move target cursor, p - hill giant The fire roars!
Unknown command.
The hill giant is engulfed in roaring flames.
Casting: Conjure Flame
Confirm with . or Enter, or press ? or * to list all spells.
Aiming: Sticky Flame
Press: ? - help, Shift-Dir - straight line, f - hill giant
Aim: a hill giant, wielding a giant club (heavily wounded)
The sticky flame hits the hill giant.
The hill giant is severely wounded.
The hill giant is covered in liquid flames!
The hill giant burns!
The hill giant hits you with a giant club!
Ouch! That really hurt!
You die...

#.##.......# #.# #.#
#.##.......###.####....
#...................
#.......###.####....
#...................
#.(.....###.####....
#.......# #.# #.......#
#.# ######@## #.# #C#
#.# ####§####.# .
#.........# ...
#.........# ....
#........5# .....
#.........#
......)##.........#
.....))§.%.......[.


You could see a hill giant (burning).

Vanquished Creatures
  Psyche (D:9)
  A troll (D:10)
  The ghost of Deemzul the Insei, an average OpMo (Sewer)
  A yak (D:9)
  A hill giant zombie (D:8)
  2 hippogriffs
  A hill giant skeleton (D:8)
  The ghost of Antur the Digger, an average DrEE (D:3)
  2 necrophages (D:9)
  An orc warrior (D:7)
  The ghost of docbrown the Gusty, an average TeAE (D:4)
  A manticore (D:8)
  A phantom (D:7)
  3 sky beasts
  A porcupine (D:9)
  2 ice beasts
  2 ogres
  3 centaurs (D:8)
  3 wargs (D:6)
  8 giant frogs
  A manticore skeleton (D:9)
  6 wights
  6 killer bees (D:10)
  4 crimson imps
  2 hounds
  3 orc wizards
  A two-headed ogre zombie (D:8)
  5 jellies
  9 worker ants
  An iguana (D:4)
  2 scorpions
  2 sheep (D:9)
  A hound skeleton (D:9)
  An ogre skeleton (D:8)
  A worker ant zombie (D:9)
  3 gnolls
  10 adders
  2 green rats
  16 giant mites
  An inept feature mimic (D:6)
  5 worms
  An inept item mimic (D:4)
  A giant eyeball (D:4)
  15 giant geckos
  An ooze (D:5)
  20 orcs
  6 ball pythons
  15 bats
  A bat zombie (D:5)
  21 giant cockroaches
  12 goblins
  17 hobgoblins
  4 jackals
  12 kobolds
  6 quokkas
  14 giant newts
  A giant spore (D:8)
  21 rats
  2 ballistomycetes (D:8)
289 creatures vanquished.

Notes
Turn   | Place    | Note
--------------------------------------------------------------
     0 | D:1      | MDvedh, the Deep Elf Fire Elementalist, began the quest for the Orb.
     0 | D:1      | Reached XP level 1. HP: 10/10 MP: 4/4
   364 | D:1      | Reached XP level 2. HP: 15/15 MP: 1/7
  1520 | D:2      | Reached XP level 3. HP: 13/19 MP: 5/10
  1684 | D:2      | Learned a level 3 spell: Conjure Flame
  1918 | D:3      | Found a shimmering altar of Xom.
  1930 | D:3      | Found a shimmering altar of Xom.
  2076 | D:3      | Found a blossoming altar of Fedhas.
  2158 | D:3      | Reached XP level 4. HP: 24/24 MP: 2/13
  2368 | D:3      | Learned a level 4 spell: Sticky Flame
  2379 | D:3      | Reached skill level 4 in Conjurations
  2446 | D:3      | Noticed Antur's ghost (average DrEE)
  2452 | D:3      | Killed Antur's ghost
  2452 | D:3      | Reached XP level 5. HP: 10/28 MP: 6/15
  2657 | D:3      | Reached skill level 5 in Conjurations
  2847 | D:3      | Reached XP level 6. HP: 30/32 MP: 12/18
  3124 | D:4      | Found a shattered altar of Ashenzari.
  3317 | D:4      | Found a staircase to the Ecumenical Temple.
  3325 | Temple   | Entered the Ecumenical Temple
  3565 | Temple   | Became a worshipper of Vehumet
  3857 | D:4      | Reached skill level 5 in Fire Magic
  4125 | D:4      | Reached skill level 6 in Conjurations
  4201 | D:4      | Reached XP level 7. HP: 36/36 MP: 15/20
  4286 | D:4      | Found a snail-covered altar of Cheibriados.
  4455 | D:4      | Found an iron altar of Okawaru.
  4467 | D:4      | Acquired Vehumet's first power
  4467 | D:4      | Offered knowledge of Magic Dart by Vehumet.
  4636 | D:4      | Noticed docbrown's ghost (average TeAE)
  4650 | D:4      | Killed docbrown's ghost
  4776 | D:5      | Entered Level 5 of the Dungeon
  4789 | D:5      | Gained mutation: You are partially covered in icy blue scales (AC +1). [potion of mutation]
  4789 | D:5      | Gained mutation: You are resistant to hostile enchantments. [potion of mutation]
  4789 | D:5      | Gained mutation: You are clumsy. (Dex -2) [potion of mutation]
  4853 | D:5      | Reached skill level 7 in Conjurations
  6230 | D:6      | Learned a level 5 spell: Fireball
  6268 | D:6      | Offered knowledge of Sandblast by Vehumet.
  6294 | D:6      | Reached XP level 8. HP: 41/41 MP: 15/23
  6393 | D:6      | Found a staircase to the Orcish Mines.
  6402 | D:6      | Reached skill level 5 in Spellcasting
  6427 | D:6      | the staircase to the Orcish Mines was a mimic.
  6608 | D:6      | Found a glowing drain.
  6636 | Sewer    | Entered a sewer
  6839 | Sewer    | Noticed Deemzul's ghost (average OpMo)
  6860 | Sewer    | Killed Deemzul's ghost
  6860 | Sewer    | Reached skill level 8 in Spellcasting
  6877 | Sewer    | Offered knowledge of Dazzling Spray by Vehumet.
  6886 | Sewer    | Learned a level 3 spell: Dazzling Spray
  7239 | Sewer    | Acquired Vehumet's second power
  7770 | Sewer    | Offered knowledge of Iskenderun's Mystic Blast by Vehumet.
  7782 | Sewer    | Reached skill level 9 in Spellcasting
  8474 | D:7      | Reached XP level 9. HP: 42/45 MP: 18/28
  8810 | D:7      | Learned a level 2 spell: Stoneskin
  8878 | D:7      | Found a sparkling altar of Nemelex Xobeh.
  9000 | D:7      | Reached skill level 5 in Stealth
  9209 | D:7      | Reached skill level 10 in Spellcasting
  9473 | D:8      | Found Musha's Antique Armour Boutique.
  9619 | D:8      | Acquired Vehumet's third power
  9659 | D:8      | Reached skill level 11 in Spellcasting
  9725 | D:8      | Reached skill level 5 in Dodging
  9916 | D:8      | Offered knowledge of Stone Arrow by Vehumet.
 10043 | D:8      | Found Xievvobo's Distillery.
 10048 | D:8      | Bought a potion of curing for 30 gold pieces
 10048 | D:8      | Bought a potion of heal wounds for 45 gold pieces
 10048 | D:8      | Bought a potion of curing for 30 gold pieces
 10048 | D:8      | Bought a potion of speed for 82 gold pieces
 10048 | D:8      | Bought a potion of resistance for 105 gold pieces
 10060 | D:8      | Paralysed by you for 6 turns
 10536 | D:8      | Found an ancient bone altar of Kikubaaqudgha.
 10559 | D:8      | Found Qailaett's Weapon Shop.
 10565 | D:8      | Found Cliysh's Assorted Antiques.
 10581 | D:8      | Found Rioc's Assorted Antiques.
 10686 | D:8      | Bought a scroll labeled TECOBI REYM for 30 gold pieces
 10686 | D:8      | Bought a scroll labeled VUEHICWAQIR for 30 gold pieces
 10686 | D:8      | Bought a scroll labeled PLOZUU MOUMY for 30 gold pieces
 11088 | D:9      | Noticed Psyche
 11091 | D:9      | Killed Psyche
 11091 | D:9      | Reached XP level 10. HP: 50/50 MP: 14/31
 11263 | D:9      | Found a staircase to the Lair.
 11284 | D:9      | Reached skill level 10 in Dodging
 11529 | D:9      | Found a burning altar of Makhleb.
 12122 | D:10     | Entered Level 10 of the Dungeon
 12189 | D:10     | Offered knowledge of Force Lance by Vehumet.
 12251 | D:10     | Noticed a hill giant
 12263 | D:10     | Mangled by a hill giant

Action                   |  1- 3 |  4- 6 |  7- 9 | 10-12 || total
-------------------------+-------+-------+-------+-------++-------
Melee: Quarterstaff      |     8 |    12 |    45 |    29 ||    94
       Unarmed           |     1 |       |       |       ||     1
 Cast: Flame Tongue      |    53 |    97 |   243 |    49 ||   442
       Conjure Flame     |     1 |     4 |    17 |     5 ||    27
       Sticky Flame      |       |     3 |    34 |    12 ||    49
       Dazzling Spray    |       |       |    15 |     1 ||    16
       Fireball          |       |       |    25 |     7 ||    32
       Stoneskin         |       |       |     1 |     1 ||     2
Evoke: Wand              |       |       |     6 |     1 ||     7
  Use: Scroll            |       |    12 |    11 |     1 ||    24
       Potion            |       |       |     2 |       ||     2
